[Event "Early-Titled-Tuesday-Blitz-November-28-2023"]
[Site "Chess.com"]
[Date "2023.11.28"]
[Round "11"]
[White "HanSchut"]
[Black "ideika"]
[Result "1-0"]
[WhiteElo "2275"]
[BlackElo "2161"]
[TimeControl "180+1"]
[EndTime "10:12:19 PST"]
[Termination "HanSchut won on time"]

1. e3 d5 2. f4 Nf6 3. Nf3 c5 4. b3 Nc6 5. Bb5 Bd7 6. Bb2 e6 7. O-O Be7 8. d3 a6 9. Bxc6 Bxc6 10. Ne5 Rc8 11. Nd2 b5 12. Ndf3 O-O 13.
Qe1 Bb7 14. g4 Nd7 15. g5 Nxe5 16. Nxe5 d4 17. e4 f6 18. gxf6 Bxf6 19. Ng4 Bh4 20. Qe2 c4 21. dxc4 bxc4 22. bxc4 Qb6 23. Kh1 Qxb2 24.
Rab1 Qxa2 25. Rxb7 Qxc4 26. Qg2 Rc7 27. Rxc7 Qxc7 28.
Ne5 Bf6 29. Nd3 Rc8 30. e5 Be7 31. Qh3 Qc6+ 32. Kg1 Bf8 33. f5 exf5 34. Qxf5 Qg6+ 35. Qxg6 hxg6 36. Rf2 a5 37. Nb2 Bc5 38. Kg2 Rb8 39. Nd3 Be7 40. Rf1 a4 41. Ra1 a3 42. Kf3 Rc8 43.
Ne1 Rc3+ 44. Ke2 Kf7 45. Kd1 Ke6 46. Nd3 g5 47. h3 Kd5 48. Kd2 1-0

[Event "Early-Titled-Tuesday-Blitz-November-28-2023"]
[Site "Chess.com"]
[Date "2023.11.28"]
[Round "11"]
[White "IwkooO"]
[Black "vovachesss"]
[Result "1/2-1/2"]
[WhiteElo "2691"]
[BlackElo "2851"]
[TimeControl "180+1"]
[EndTime "10:12:20 PST"]
[Termination "Game drawn by agreement"]

1. e4 e5 2. Nf3 d5 3. exd5 e4 4. Qe2 Nf6 5. d3 Qxd5 6. dxe4 Qxe4 7. Bg5 Bf5 8. Nc3 Qxe2+ 9. Bxe2 Bxc2 10. Rc1 Bg6 11.
Bxf6 gxf6 12. Nd5 Bd6 13. Nxc7+ Bxc7 14. Rxc7 Nc6 15. Rxb7 O-O-O 16. Rb3 Rhe8 17. Re3 Nb4 18.
O-O Rxe3 19. fxe3 Nc2 20. Nh4 Nxe3 21. Rxf6 Rd2 22. Bf3 Rxb2 23. Nxg6 fxg6 24. Rf8+ Kc7 25. Rf7+ Kd6 26. Rxa7 Ke6 27. a4 h5 28. a5 Ng4 29. Bxg4+ hxg4 30. Ra8 Ra2 31. a6 Kf5 32. Kf1 Kg5 33. a7 Ra1+ 34. Ke2 Ra2+ 35. Ke3 Ra3+ 36.
Kd4 Ra4+ 37. Kc3 Ra3+ 38. Kb4 Ra1 39. Kc5 Rc1+ 40. Kd5 Ra1 41. Kd6 Ra6+ 42. Ke5 Ra1 43. Ke6 Ra6+ 44. Kf7 Ra1 45. Kg7 Ra2 46. h4+ gxh3 47.
gxh3 Ra6 48. h4+ Kg4 49. Kh7 Kxh4 50. Kg7 Kg5 51. Kf7 Kg4 52. Ke7 g5 53. Kd7 Ra1 54. Kc7 Kg3 55. Kb7 Rb1+ 56. Kc7 Rc1+ 1/2-1/2

[Event "Early-Titled-Tuesday-Blitz-November-28-2023"]
[Site "Chess.com"]
[Date "2023.11.28"]
[Round "11"]
[White "Korchmar_Vasiliy"]
[Black "Burovic00"]
[Result "1/2-1/2"]
[WhiteElo "2721"]
[BlackElo "2590"]
[TimeControl "180+1"]
[EndTime "10:12:22 PST"]
[Termination "Game drawn by repetition"]

1. e4 e6 2. d4 d5 3. e5 c5 4. c3 Nc6 5. Nf3 Bd7 6. Be2 Nge7 7. Na3 Nf5 8. Nc2 cxd4 9. cxd4 Rc8 10. h4 h5 11. Bd3 Be7 12. Bxf5 exf5 13. Bg5 f6 14.
exf6 gxf6 15. Bf4 Nb4 16. Nxb4 Bxb4+ 17. Bd2 Bd6 18. O-O Kf7 19. Qb3 Bc6 20. Bb4 Bb8 21.
Rfe1 Rc7 22. Re3 Re8 23. Rxe8 Bxe8 24. Re1 Bc6 25. Qe3 Kg6 26. Qe6 Qc8 27. Qd6 Kg7 28.
Re7+ Rxe7 29. Qxe7+ Kg6 30. Bd6 Bxd6 31. Qxd6 Qe8 32.
g3 a6 33. Kg2 Qe4 34. Qb8 f4 35. Qg8+ Kh6 36. Qf8+ Kg6 37. Qg8+ Kh6 38. Qh8+ Kg6 39. a3 fxg3 40. fxg3 Qe2+ 41. Kh3 Qxf3 42. Qg8+ Kf5 43. Qh7+ Ke6 44. Qg8+ Kd7 45. Qf7+ Kd6 46. Qf8+ Kc7 47. Qe7+ Kb8 48. Qf8+ Ka7 49. Qc5+ Kb8 50. Qd6+ Kc8 51. Qf8+ Kd7 52. Qf7+ Kd6 53. Qf8+ Ke6 54. Qg8+ Ke7 55. Qg7+ Ke8 56. Qg8+ Kd7 57. Qf7+ 1/2-1/2

[Event "Early-Titled-Tuesday-Blitz-November-28-2023"]
[Site "Chess.com"]
[Date "2023.11.28"]
[Round "11"]
[White "LaPiToB"]
[Black "salomez"]
[Result "0-1"]
[WhiteElo "2270"]
[BlackElo "2405"]
[TimeControl "180+1"]
[EndTime "10:12:24 PST"]
[Termination "salomez won on time"]

1. d4 e6 2. c4 f5 3. g3 Nf6 4.
Bg2 Bb4+ 5. Nc3 Bxc3+ 6. bxc3 O-O 7. Nf3 Ne4 8. Qc2 b6 9. O-O Bb7 10. a4 Nc6 11. Ba3 d6 12. Nd2 Nxd2 13. Qxd2 Na5 14. Bxb7 Nxb7 15. Qe3 Qf6 16. c5 Rfd8 17. cxd6 cxd6 18.
Qf3 Qf7 19. e4 fxe4 20. Qxe4 d5 21. Qe2 Rac8 22. Rac1 Na5 23. f4 Nc4 24. Bb2 Qd7 25.
Ra1 Re8 26. Bc1 Na5 27. Bd2 Qc6 28. Ra2 Qc4 29. Be1 Qxe2 30. Rxe2 g6 31. Rf3 Rc4 32. Rfe3 Kf7 33. Ra2 Rec8 34. g4 Nb7 35. f5 gxf5 36. gxf5 exf5 37. Rae2 R8c7 38. Bg3 Rd7 39. Rf2 Rxa4 40.
Rxf5+ Kg6 41. Rf4 Nd6 42. Re6+ Kg7 43. Rg4+ Kf7 44. Rxd6 Rxd6 45. Bxd6 Ra1+ 46. Kf2 a5 47. Bc7 Rb1 48. Rg5 Ke6 49. Re5+ Kd7 50. Bb8 a4 51. Rxd5+ Kc6 52. Re5 a3 53. Re6+ Kb7 54. Re2 Rb2 0-1

[Event "Early-Titled-Tuesday-Blitz-November-28-2023"]
[Site "Chess.com"]
[Date "2023.11.28"]
[Round "11"]
[White "ContrVersia"]
[Black "GaiozNigalidze"]
[Result "1-0"]
[WhiteElo "2875"]
[BlackElo "2702"]
[TimeControl "180+1"]
[EndTime "10:12:27 PST"]
[Termination "ContrVersia won by resignation"]

1. Nf3 d5 2. c4 e6 3. b3 Nf6 4. g3 Be7 5. Bg2 O-O 6. O-O b6 7. Bb2 Bb7 8. Nc3 dxc4 9. bxc4 c5 10. d3 Nc6 11. Ne5 Qc8 12. Nxc6 Bxc6 13. a4 Bxg2 14. Kxg2 Qc6+ 15. f3 a6 16. Qb3 Rab8 17. Rfb1 Nd7 18. Bc1 Bd6 19. Bd2 Bc7 20. a5 bxa5 21. Qa4 Qxa4 22.
Nxa4 Rxb1 23. Rxb1 Rb8 24. Rxb8+ Bxb8 25. Bxa5 Bd6 26. e3 Kf8 27. Kf2 f5 28. d4 Ke7 29. Ke2 e5 30. d5 g5 31. e4 fxe4 32.
fxe4 h5 33. h3 Nf6 34. Nc3 Kd7 35. Bb6 Ke7 36. Kd3 Nd7 37. Ba5 Ke8 38. Nd1 Be7 39.
Ne3 Kf7 40. Nf5 Bf8 41. Bc7 Be7 42. g4 hxg4 43. Nh6+ Kg6 44. Nxg4 Bf6 45. Kc3 Bg7 46. Ne3 Kh5 47. Nf5 Bf6 48. Kd3 g4 49. hxg4+ Kxg4 50. Nd6 Kf4 51. Nf5 Kf3 52. Nd6 Kf4 53. Nb7 Be7 54.
Ba5 Kf3 55. Bd2 Kg4 56. Be3 Kf3 57. d6 Bh4 58. Nxc5 Nxc5+ 59. Bxc5 a5 60. Ba3 a4 61. c5 1-0

[Event "Early-Titled-Tuesday-Blitz-November-28-2023"]
[Site "Chess.com"]
[Date "2023.11.28"]
[Round "11"]
[White "DenLaz"]
[Black "BardArtem"]
[Result "1-0"]
[WhiteElo "3024"]
[BlackElo "2765"]
[TimeControl "180+1"]
[EndTime "10:12:28 PST"]
[Termination "DenLaz won on time"]

1. d4 d5 2. c4 c6 3. Nf3 Nf6 4.
Qc2 a6 5. Bf4 g6 6. e3 Bg7 7.
Bd3 O-O 8. O-O b5 9. cxd5 Nxd5 10. Be5 Nb4 11. Qc3 Nxd3 12. Qxd3 c5 13. Qe4 Ra7 14. Bxg7 Bb7 15. Qc2 Kxg7 16. Qxc5 Ra8 17. Nbd2 Nd7 18. Qc3 Rc8 19. Qd3 e5 20. Rac1 exd4 21. Qxd4+ Nf6 22.
Qxd8 Rfxd8 23. Nd4 Nd5 24. a3 Nb6 25. b3 Nd5 26. Nb1 h5 27. Rfd1 Rxc1 28. Rxc1 Nf4 29. Rd1 Ne2+ 30. Kf1 Nxd4 31. Rxd4 Rc8 32. Rd1 Be4 33. Nd2 Bc2 34. Ra1 Rc3 35. b4 Bd3+ 36.
Ke1 Rc2 37. Kd1 Rb2 38. h4 Bf5 39. Rc1 Ra2 40. Rc3 Bg4+ 41. f3 Be6 42. e4 Kf6 43. g3 Ke5 44. Rd3 Bc4 45. Nxc4+ bxc4 46. Rd5+ Ke6 47. Ra5 c3 48. f4 Kd7 49. Rxa6 Rg2 50. e5 Rxg3 51. Kc2 Rh3 52. Rf6 Ke7 53. b5 Rxh4 54.
b6 Rh2+ 55. Kxc3 Rh1 56. f5 Rb1 57. fxg6 fxg6 58. Rxg6 h4 59. a4 Ra1 60. b7 Rb1 61. Rg8 1-0

[Event "Early-Titled-Tuesday-Blitz-November-28-2023"]
[Site "Chess.com"]
[Date "2023.11.28"]
[Round "11"]
[White "MaxLeto"]
[Black "elchacal664"]
[Result "1-0"]
[WhiteElo "2546"]
[BlackElo "2351"]
[TimeControl "180+1"]
[EndTime "10:12:29 PST"]
[Termination "MaxLeto won on time"]

1. g4 e5 2. Bg2 Nc6 3. c4 Bc5 4. Nc3 d6 5. h3 Nge7 6. e3 O-O 7. Nge2 f5 8. d4 Bb6 9. g5 f4 10. d5 Na5 11. exf4 exf4 12. Bxf4 Nxc4 13. Qb3 Na5 14. Qc2 Bf5 15. Be4 Qd7 16. Bg3 Rae8 17. O-O-O Ng6 18. h4 Bxe4 19. Nxe4 Qf5 20. N2c3 Qd7 21.
h5 Ne5 22. h6 g6 23. Nf6+ Rxf6 24. gxf6 Nac4 25. Ne4 Qf5 26. Bh4 Nf3 27. f7+ Kxf7 28. Ng5+ Nxg5 29. Qxf5+ gxf5 30. Bxg5 Ne5 31. f4 Ng4 32.
Rhe1 Re4 33. Rxe4 fxe4 34. Re1 e3 35. Kc2 Kg6 36. Kd3 Kf5 37. b4 Nf2+ 38. Ke2 Ne4 39.
Kf3 Nd2+ 40. Ke2 Ne4 41. a4 Nc3+ 42. Kd3 Nxd5 43. a5 Nxb4+ 44. Kc4 Bxa5 45. Rxe3 Nc6 46. Re8 Bb6 47. Rf8+ Kg6 48. Rg8+ Kf5 49. Rg7 a5 50. Rxh7 Nb4 51. Rf7+ Kg6 52. Rg7+ Kf5 53. h7 d5+ 54. Kb3 c5 55. h8=Q c4+ 56. Ka4 Nc6 57. Rf7+ 1-0

[Event "Early-Titled-Tuesday-Blitz-November-28-2023"]
[Site "Chess.com"]
[Date "2023.11.28"]
[Round "11"]
[White "Aguiar94"]
[Black "Atousa1"]
[Result "0-1"]
[WhiteElo "2597"]
[BlackElo "2478"]
[TimeControl "180+1"]
[EndTime "10:12:31 PST"]
[Termination "Atousa1 won by resignation"]

1. e4 c5 2. Nf3 e6 3. d4 cxd4 4. Nxd4 a6 5. Bd3 Bc5 6. Nb3 Be7 7. Qg4 g6 8. Qe2 d6 9. Be3 Nf6 10. f4 Nc6 11. N1d2 Qc7 12. O-O-O b5 13. Kb1 Bb7 14.
Rhf1 O-O 15. g4 Nb4 16. g5 Nh5 17. f5 Nxd3 18. cxd3 Rfc8 19. fxe6 fxe6 20. Nd4 e5 21. Nf5 Bf8 22. Nb3 a5 23. Rc1 Qd8 24. Rxc8 Rxc8 25. Nh6+ Bxh6 26. gxh6 a4 27. Nd2 a3 28. Nf3 axb2 29.
Qxb2 Qf6 30. Qb3+ Kh8 31. Nd2 Qd8 32. Qf7 Qg8 33. Qxb7 Ra8 34. Rf7 Nf4 35. Rxf4 exf4 36. Kc1 fxe3 37. Nb3 Qc8+ 38. Qxc8+ Rxc8+ 39. Kd1 Ra8 40. Ke2 Rxa2+ 41. Kxe3 Rxh2 42. Nd4 Rxh6 43. Nxb5 Rh1 44. Nxd6 h5 45. e5 Kg7 46. Kf4 h4 47. Ne4 h3 48. Kg3 Rd1 49. Nc5 Rc1 50. Ne6+ Kh6 51.
Kxh3 Rc3 52. Kg4 Rxd3 53. Nf4 Rd1 54. Ng2 Rg1 55. Kf3 Rf1+ 56. Ke2 Rf5 57. e6 Re5+ 58.
Kf3 Rxe6 59. Nf4 Rf6 60. Kg4 Rxf4+ 61. Kxf4 Kh5 62. Kg3 Kg5 63. Kf3 Kh4 64. Kf2 Kh3 65. Kf1 g5 66. Kf2 g4 67. Kg1 Kg3 68. Kh1 Kf2 69. Kh2 g3+ 70. Kh3 g2 0-1

[Event "Early-Titled-Tuesday-Blitz-November-28-2023"]
[Site "Chess.com"]
[Date "2023.11.28"]
[Round "11"]
[White "Elsa167"]
[Black "OK97"]
[Result "1-0"]
[WhiteElo "2915"]
[BlackElo "2786"]
[TimeControl "180+1"]
[EndTime "10:12:32 PST"]
[Termination "Elsa167 won by resignation"]

1. e4 c5 2. Nf3 d6 3. d4 cxd4 4. Nxd4 Nf6 5. Nc3 Nc6 6. Bg5 e6 7.
Qd2 a6 8. O-O-O Bd7 9. Kb1 Nxd4 10. Qxd4 Be7 11. f3 Qc7 12. h4 h6 13. Be3 h5 14.
Bg5 Bc6 15. Bd3 b5 16. Ne2 Rd8 17. Qc3 Qb6 18. Nd4 Bb7 19. Be3 Rc8 20. Qe1 Qc7 21. Qg3 Kf8 22. c3 Nd7 23. Bg5 Ne5 24.
Be2 Kg8 25. Rd2 Bf8 26. Rhd1 Nc4 27. Bxc4 Qxc4 28. Nc2 d5 29. Ne3 Qa4 30. exd5 b4 31.
b3 Qe8 32. c4 exd5 33. Nxd5 Qe6 34. Qf4 Qg6+ 35. Qe4 Qxe4+ 36. fxe4 Re8 37. Re2 f6 38. Bd2 a5 39. Rde1 Bd6 40. Bf4 Bxd5 41. Bxd6 Bc6 42.
Bc7 a4 43. Bd6 axb3 44. axb3 Kh7 45. Kb2 Re6 46. Bxb4 Rhe8 47. g3 Bxe4 48. Bc3 f5 49. Rd2 Rg6 50. Re3 Rb8 51. Be5 Re8 52. Bf4 Rc8 53.
Rd7 Kg8 54. Rc3 Ra6 55. b4 Rb6 56. b5 Rc5 57. Be3 Rcxb5+ 58. cxb5 Rxb5+ 59. Rb3 1-0

[Event "Early-Titled-Tuesday-Blitz-November-28-2023"]
[Site "Chess.com"]
[Date "2023.11.28"]
[Round "11"]
[White "abelmat"]
[Black "Olya_Oblachko"]
[Result "1-0"]
[WhiteElo "1992"]
[BlackElo "2199"]
[TimeControl "180+1"]
[EndTime "10:12:32 PST"]
[Termination "abelmat won on time"]

1. d4 e6 2. c4 Nf6 3. Nf3 d5 4. Nc3 Be7 5. Bf4 O-O 6. e3 b6 7. cxd5 Nxd5 8. Nxd5 Qxd5 9. a3 c5 10. Bd3 cxd4 11. exd4 Bb7 12. O-O Nc6 13. Rc1 Rfd8 14. Be3 Bf6 15. Qc2 g6 16. Rfd1 Nxd4 17. Bxd4 Bxd4 18. Bxg6 hxg6 19. Rxd4 Qf5 20. Qxf5 gxf5 21. Rcd1 Rxd4 22. Rxd4 Rc8 23. h3 Bd5 24. Rd2 Kg7 25. Kh2 Kf6 26. Nd4 Rg8 27. f3 Ke5 28. Nb5 a6 29. Nc3 Bc4 30. h4 f4 31. Kh3 Rg3+ 32.
Kh2 Rg8 33. Kh3 b5 34. Kh2 a5 35. Ne2 b4 36. axb4 axb4 37. Nd4 Bd5 38. Nb5 Ra8 39.
Nc7 Ra2 40. Nxd5 exd5 41. Kh3 d4 42. Kg4 f5+ 43. Kg5 d3 44. h5 b3 45. Rxd3 Rxb2 46. h6 Rb1 47. h7 Rh1 48. Kg6 b2 49. Rb3 b1=Q 50. Rxb1 Rxb1 51. h8=Q+ 1-0

[Event "Early-Titled-Tuesday-Blitz-November-28-2023"]
[Site "Chess.com"]
[Date "2023.11.28"]
[Round "11"]
[White "DuleMudule"]
[Black "Oleksandr_Bortnyk"]
[Result "1-0"]
[WhiteElo "2857"]
[BlackElo "3044"]
[TimeControl "180+1"]
[EndTime "10:12:33 PST"]
[Termination "DuleMudule won on time"]

1. d4 d6 2. e4 Nf6 3. Nc3 e5 4.
dxe5 dxe5 5. Qxd8+ Kxd8 6. f4 Nc6 7. Nf3 Bb4 8. Bd3 Re8 9. fxe5 Nxe5 10. Bg5 Bxc3+ 11.
bxc3 Bg4 12. O-O Bxf3 13. gxf3 h6 14. Bh4 g5 15. Bg3 Nh5 16. Rad1 Kc8 17. Be2 a5 18. Rd5 Nf4 19. Bxf4 gxf4 20. Rfd1 a4 21. a3 c6 22.
Rd6 Ra5 23. R1d4 Re6 24. Rxe6 fxe6 25. Kf2 Rc5 26. c4 Kc7 27. Ke1 Ng6 28. Kf2 Rh5 29. Kg1 c5 30. Rd1 Rg5+ 31. Kf2 Rh5 32. Kg1 Ne5 33.
Kg2 b6 34. c3 Rg5+ 35. Kf2 h5 36. Bf1 Rg6 37. Rd2 Rg1 38. Rd1 Rg8 39. Rd2 Rg6 40. Rd1 Nc6 41. Rd2 Na5 42. Rd1 Rg7 43. Rd2 Rd7 44.
Rxd7+ Kxd7 45. h4 Nc6 46. Be2 Ne5 47. Kg2 Ng6 48. Kh3 Kd6 49. Bd1 Ne5 50. Be2 Kc7 51.
Kg2 Kb7 52. Kh3 Ka6 53. Kh2 Ka5 54. Kh3 Ng6 55. Bd3 Ne7 56. Kg2 Nc6 57. Be2 Na7 58. Kf2 b5 59. cxb5 Nxb5 60. Bc4 e5 61.
Bf7 Nxa3 62. Bxh5 1-0

[Event "Early-Titled-Tuesday-Blitz-November-28-2023"]
[Site "Chess.com"]
[Date "2023.11.28"]
[Round "11"]
[White "FunnyDuck66"]
[Black "Shivananda1964"]
[Result "1-0"]
[WhiteElo "2556"]
[BlackElo "2405"]
[TimeControl "180+1"]
[EndTime "10:12:33 PST"]
[Termination "FunnyDuck66 won on time"]

1. d4 Nf6 2. Nf3 d5 3. c4 dxc4 4. Qc2 c5 5. e3 cxd4 6. Nxd4 e5 7. Nf3 Qc7 8. Bxc4 Be6 9. Bb5+ Nc6 10. Bxc6+ bxc6 11. O-O e4 12. Nd4 Bd5 13. Nc3 Ng4 14.
g3 Qe5 15. Nxd5 Qxd5 16. Qxc6+ Qxc6 17. Nxc6 Rc8 18. Nd4 Bc5 19. Nb3 Bb6 20. Bd2 Ne5 21. Bc3 Nf3+ 22. Kg2 h5 23. Bxg7 Rh7 24. Bc3 h4 25. g4 h3+ 26. Kh1 Rc6 27. Nd2 Rxc3 28. Nxf3 Rc2 29. Ng5 Rg7 30. Nxe4 Rxb2 31. a4 Rb4 32.
Nf6+ Kf8 33. a5 Bd8 34. Nd5 Rb5 35. e4 Rxg4 36. f3 Rg2 37. Rab1 Rxa5 38. Rb8 Rxd5 39. exd5 Ke7 40. Re1+ Kd7 41. Rb7+ Kd6 42. Rxa7 Bg5 43. Rxf7 Bd2 44. Rg1 Re2 45. Rf6+ Kxd5 46. Rf5+ Ke6 47. Rh5 Be3 48. Rb1 Rf2 49. Rxh3 Kf5 50. Rg3 Kf4 51. Rb4+ Kf5 52. h4 Bf4 53. Rg4 Rxf3 54. Rg7 Rh3+ 55. Kg2 Rxh4 56. Rf7+ Kg5 57. Rb5+ Kg4 58. Rg7+ 1-0

[Event "Early-Titled-Tuesday-Blitz-November-28-2023"]
[Site "Chess.com"]
[Date "2023.11.28"]
[Round "11"]
[White "OneTrickPony_82"]
[Black "GatoRojo150"]
[Result "0-1"]
[WhiteElo "2446"]
[BlackElo "2609"]
[TimeControl "180+1"]
[EndTime "10:12:34 PST"]
[Termination "GatoRojo150 won by checkmate"]

1. d4 d5 2. c4 dxc4 3. e3 Nc6 4. Bxc4 e5 5. Nf3 e4 6. Nfd2 Qg5 7. Nxe4 Qxg2 8.
Ng3 Qh3 9. Qf3 Nf6 10. Nc3 Bg4 11. Qf4 Bd6 12. Qg5 O-O 13. Bd2 a6 14. Bf1 h6 15.
Qxf6 gxf6 16. Bxh3 Bxh3 17. Rg1 Kh7 18. Nce4 f5 19.
Nf6+ Kg6 20. Ngh5+ Bg4 21. h3 Be7 22. hxg4 Bxf6 23. Nxf6 Kxf6 24. gxf5 Rg8 25. Ke2 Kxf5 26. f3 Rae8 27. e4+ Kf6 28. Kd3 Rd8 29. Bc3 Ne5+ 30. Ke2 Ng6 31. d5+ Ke7 32. Rac1 Kd7 33. Ke3 h5 34.
Bf6 Rde8 35. Rc2 c6 36. dxc6+ bxc6 37. Rd1+ Kc7 38. Rdc1 Re6 39. Bc3 Nh4 40. f4 Ng2+ 41. Kf3 Nh4+ 42. Kf2 Rg2+ 43. Kf1 Rxc2 44. Rxc2 Rxe4 45.
Be5+ Kb6 46. Rh2 Ng6 47. Rxh5 Nxf4 48. Rf5 Nd3 49. Bc3 Re3 50. Rxf7 Re4 51. Rf6 Nf4 52.
Rf7 Nd5 53. Rf3 Rh4 54. Ke2 Rh2+ 55. Rf2 Rh3 56. Bd4+ c5 57. Bg7 Re3+ 58. Kd2 Rg3 59. Bc3 Kb5 60. b3 Nxc3 61. a4+ Kb4 62. Rf4+ Kxb3 63. Rf5 Ne4+ 64. Kc1 Nc3 65. Rxc5 Rg2 66. a5 Rc2# 0-1

[Event "Early-Titled-Tuesday-Blitz-November-28-2023"]
[Site "Chess.com"]
[Date "2023.11.28"]
[Round "11"]
[White "Tobias_Koelle"]
[Black "Eagle_2019"]
[Result "0-1"]
[WhiteElo "2852"]
[BlackElo "2714"]
[TimeControl "180+1"]
[EndTime "10:12:37 PST"]
[Termination "Eagle_2019 won on time"]

1. d4 d5 2. Bf4 Nf6 3. Nc3 c5 4.
e4 Nxe4 5. Nxe4 dxe4 6. dxc5 Qa5+ 7. c3 Qxc5 8. Qa4+ Nc6 9. Qxe4 g6 10. Nf3 Bg7 11. Rd1 O-O 12. Be3 Qa5 13. Bc4 Bf5 14. Qh4 Rad8 15. O-O h5 16. h3 Bc2 17. Rxd8 Rxd8 18.
Qf4 Qf5 19. Qc7 Rc8 20. Qg3 Bd3 21. Bxd3 Qxd3 22. Qf4 Qe2 23. Ng5 Bf6 24. Ne4 Be5 25. Qh6 Bg7 26. Qg5 Qxb2 27. a4 Qc2 28. Qf4 Ne5 29.
Rc1 Qb3 30. Rf1 Qc4 31. Qh4 Nd3 32. Qxe7 Qxa4 33. Nd6 Rf8 34. Qxb7 a5 35. c4 Qb4 36. Qa6 a4 37. Nb7 a3 38. c5 Qb3 39. Na5 Qa4 40. Qxd3 Qxa5 41. Bd4 Rd8 42. c6 Bxd4 43. Qc2 a2 44. c7 Rc8 45. Qb3 a1=Q 46. Qb8 Qxf1+ 47. Kxf1 Qa6+ 48. Kg1 Be5 49. Qb1 Bxc7 50. g3 Rb8 51. Qe4 Qb7 52. Qe2 Qb1+ 53. Kg2 Qc1 54. Qe7 Qc6+ 55. Kh2 Re8 56. Qb4 Qf3 57. Qd4 Re2 0-1

[Event "Early-Titled-Tuesday-Blitz-November-28-2023"]
[Site "Chess.com"]
[Date "2023.11.28"]
[Round "11"]
[White "suyu28"]
[Black "JimDiGrease"]
[Result "1/2-1/2"]
[WhiteElo "2739"]
[BlackElo "2935"]
[TimeControl "180+1"]
[EndTime "10:12:37 PST"]
[Termination "Game drawn by repetition"]

1. e4 c5 2. Nf3 e6 3. d4 cxd4 4. Nxd4 Nf6 5. Bd3 Nc6 6. Nxc6 bxc6 7. O-O d5 8. Nc3 Be7 9. b3 O-O 10. Bb2 a5 11. Kh1 Ba6 12. Qe2 Qc8 13. Rac1 Qb7 14. Qf3 Rfd8 15. Rfe1 Bb4 16. a3 Bxd3 17. Qxd3 Be7 18.
Qg3 Rac8 19. Na4 dxe4 20. Rxe4 Rd2 21. Rf4 Nh5 22. Qg4 g6 23. Rf3 Rcd8 24. h3 Qc7 25. g3 Rd1+ 26. Rxd1 Rxd1+ 27. Kg2 c5 28. Rxf7 Qc6+ 29. Qf3 Qxf3+ 30. Rxf3 Rd2 31. Rc3 Nf6 32. Bc1 Rd1 33. Bg5 Nd5 34. Bxe7 Nxe7 35. Rxc5 Rd2 36. Kf3 Nf5 37. c3 Ra2 38. Rxa5 Rxa3 39. Ra8+ Kf7 40. Ra7+ Kf6 41. Rb7 Nd6 42. Rb6 Nc8 43. Rb8 Ne7 44. Nc5 Nd5 45. c4 Ne7 46. Rb6 Nf5 47. Rxe6+ Kg5 48.
Rb6 Nd4+ 49. Ke4 Ne2 50. h4+ Kg4 51. Nd3 Ra2 52. Ke3 Nc3 53. Kd4 Ne2+ 54. Ke3 Nc3 55.
Ne5+ Kh3 56. Nd3 Kg4 1/2-1/2

[Event "Early-Titled-Tuesday-Blitz-November-28-2023"]
[Site "Chess.com"]
[Date "2023.11.28"]
[Round "11"]
[White "Ron_Weasley_Chess"]
[Black "Mouse-Sleep"]
[Result "1-0"]
[WhiteElo "2429"]
[BlackElo "2538"]
[TimeControl "180+1"]
[EndTime "10:12:37 PST"]
[Termination "Ron_Weasley_Chess won by resignation"]

1. Nf3 Nf6 2. g3 c5 3. Bg2 g6 4. O-O Bg7 5. c4 O-O 6. Nc3 d5 7. cxd5 Nxd5 8. Nxd5 Qxd5 9. d3 Nc6 10. Be3 Qd6 11. Rc1 b6 12. d4 c4 13. Ne5 Nxe5 14.
dxe5 Qxd1 15. Rfxd1 Rb8 16. f4 Be6 17. Bd5 Bxd5 18. Rxd5 f6 19. Rxc4 fxe5 20. fxe5 Rf5 21.
Bd4 e6 22. Rd7 Bxe5 23. Bxe5 Rxe5 24. Rc6 Rxe2 25. Rcc7 Rxb2 26. Rg7+ Kh8 27. Rxh7+ Kg8 28. Rcg7+ Kf8 29. Rxa7 Kg8 30. Rhg7+ Kh8 31. Rh7+ Kg8 32. Rag7+ Kf8 33. Rxg6 Rxa2 34. Rxe6 Kg8 35. Reh6 b5 36.
Rh8+ Kg7 37. Rxb8 Kxh6 38. Rxb5 Ra1+ 39. Kg2 Ra2+ 40. Kh3 Ra6 41. Kh4 Ra4+ 42. g4 Ra6 43. h3 Kg6 44. Rb4 Kh6 45. Rb8 Kg6 46. Rb5 Kh6 47. Re5 Kg6 48. Rf5 Kh6 49. g5+ Kg6 50. Rf4 Ra3 51. Kg4 Ra1 52. Rf6+ Kg7 53. h4 Ra7 54.
Kh5 Kh7 55. Re6 Kg7 56. Rf6 Re7 57. Rf5 Rb7 58. g6 Ra7 59. Kg5 Ra1 60. Rf7+ Kg8 61.
h5 Ra8 62. Kh6 Kh8 63. g7+ Kg8 64. Rf6 Rb8 65. Kg6 Rb6 66. h6 Rxf6+ 67. Kxf6 Kh7 68.
Kf7 Kxh6 69. g8=Q 1-0

[Event "Early-Titled-Tuesday-Blitz-November-28-2023"]
[Site "Chess.com"]
[Date "2023.11.28"]
[Round "11"]
[White "Grischuk"]
[Black "GHANDEEVAM2003"]
[Result "1-0"]
[WhiteElo "3086"]
[BlackElo "3146"]
[TimeControl "180+1"]
[EndTime "10:12:40 PST"]
[Termination "Grischuk won by resignation"]

1. d4 Nf6 2. Bf4 g6 3. Nd2 d5 4.
e3 Bg7 5. Ngf3 O-O 6. h3 c5 7. c3 b6 8. Bd3 Bb7 9. Ne5 Nbd7 10. O-O Nxe5 11. Bxe5 Nd7 12. Bxg7 Kxg7 13. f4 Nf6 14. Qf3 Qc7 15. g4 c4 16. Bc2 b5 17. g5 Ne8 18. h4 Nd6 19. h5 Rh8 20. Rae1 Raf8 21. h6+ Kg8 22. e4 dxe4 23. Bxe4 Nxe4 24. Nxe4 f5 25.
gxf6 exf6 26. Qh3 f5 27. Ng5 Qd7 28. Qe3 Be4 29. Qh3 Qd5 30. Re3 Re8 31. Rfe1 Kf8 32. R1e2 Re7 33. Qg3 Ke8 34. Qe1 Kd8 35. Nxe4 fxe4 36.
Rxe4 Rxe4 37. Rxe4 Qh5 38. Qg3 Qxh6 39. f5 Kd7 40. f6 Re8 41. Rxe8 Kxe8 42. Qe5+ Kd7 43. f7 Qc1+ 44. Kf2 Qxb2+ 45. Kf3 Qxc3+ 46. Kg4 h5+ 47. Kg5 Qf3 48. Qg7 Qe3+ 49. Kxg6 Qe4+ 50. Kh6 Qf4+ 51. Kh7 Qe4+ 52. Kg8 Qd5 53. Qe5 Qxe5 54.
dxe5 c3 55. f8=Q c2 56. Qc5 1-0

[Event "Early-Titled-Tuesday-Blitz-November-28-2023"]
[Site "Chess.com"]
[Date "2023.11.28"]
[Round "11"]
[White "averageFM"]
[Black "Chessmissile07"]
[Result "0-1"]
[WhiteElo "2611"]
[BlackElo "2847"]
[TimeControl "180+1"]
[EndTime "10:12:43 PST"]
[Termination "Chessmissile07 won on time"]

1. e4 a6 2. d4 e6 3. Nf3 d5 4. exd5 exd5 5. Bd3 Bd6 6. O-O Ne7 7. c4 dxc4 8. Bxc4 O-O 9. Nc3 Nd7 10. Ne4 Nb6 11.
Bb3 Bf5 12. Re1 Bxe4 13. Rxe4 Ned5 14. Ne5 c6 15. Qh5 g6 16. Qh6 Qf6 17. Bg5 Qg7 18.
Qh3 h5 19. Rae1 Rae8 20. Bd2 Re6 21. g4 f6 22. Nc4 Rxe4 23. Rxe4 Nxc4 24. Bxc4 f5 25. Re6 hxg4 26. Qb3 Qxd4 27. Bxd5 cxd5 28. Rxg6+ Kh7 29. Rxd6 Qxd2 30. Qxb7+ Kh8 31. Qxd5 Qxd5 32. Rxd5 Kg7 33. Rd7+ Kg8 34. Rd6 a5 35. b3 Kg7 36.
Rd5 a4 37. b4 Kg6 38. Ra5 Rc8 39. Rxa4 Rc1+ 40. Kg2 f4 41. Ra5 Rc3 42. a3 Rb3 43. b5 Kg5 44. Kf1 f3 45. Ke1 Kh4 46. a4 Kh3 47. Ra8 Kg2 48. Rg8 Rb4 49. b6 Rb1+ 50.
Kd2 Rxb6 51. Rxg4+ Kxf2 52. h4 Rb2+ 53. Kc3 Rb1 54.
Kc4 Ke2 55. h5 f2 56. Re4+ Kf3 0-1

[Event "Early-Titled-Tuesday-Blitz-November-28-2023"]
[Site "Chess.com"]
[Date "2023.11.28"]
[Round "11"]
[White "Chessbard1972"]
[Black "FoxOnTheRun97"]
[Result "0-1"]
[WhiteElo "2418"]
[BlackElo "2591"]
[TimeControl "180+1"]
[EndTime "10:12:44 PST"]
[Termination "FoxOnTheRun97 won by checkmate"]

1. d4 Nf6 2. c4 e6 3. Nf3 d5 4. Nc3 Be7 5. Bg5 h6 6. Bxf6 Bxf6 7. e3 O-O 8. Qc2 b6 9. cxd5 exd5 10. h4 Bg4 11.
Ne5 Bxe5 12. dxe5 Qd7 13. Bd3 Nc6 14. Bb5 Qe6 15. Bxc6 Qxc6 16. f3 Bh5 17. O-O Bg6 18. Qd2 Rad8 19. f4 Be4 20. f5 Rfe8 21. Qd4 Qd7 22. Nxe4 dxe4 23. Qxe4 Qe7 24. Rad1 Rxd1 25.
Rxd1 Qxe5 26. Qxe5 Rxe5 27. Rd8+ Kh7 28. Rd7 Rxf5 29. Rxc7 a5 30. Rb7 Rf6 31. h5 Rf5 32. Rxb6 Rxh5 33. a4 Rc5 34. Kf2 Rc2+ 35. Kf3 f6 36. g4 Kg6 37. Rb5 Kf7 38. b3 Rb2 39. Ke4 Kg6 40. Kd3 Rg2 41. Rxa5 Rxg4 42. Ra8 h5 43. a5 Rg1 44. b4 h4 45. a6 Ra1 46. b5 Kh7 47. Rc8 h3 48. Rc2 Ra5 49. Kc4 Ra4+ 50. Kc5 Ra3 51. Kb6 g5 52. a7 g4 53. Rc4 f5 54. Kb7 h2 55. Rc1 g3 56.
a8=Q Rxa8 57. Kxa8 g2 58. b6 h1=Q 59. Rxh1+ gxh1=Q+ 60. b7 Qc6 61. Ka7 Qc5+ 62. Ka8 Qxe3 63. b8=Q Qa3+ 64. Kb7 Qb3+ 65. Kc8 Qxb8+ 66. Kxb8 f4 67. Kc7 f3 68. Kd6 f2 69. Ke5 f1=Q 70. Ke4 Qf7 71.
Ke3 Kg6 72. Kd4 Kg5 73. Kc5 Kf4 74. Kb4 Ke5 75. Kc3 Qd5 76. Kc2 Kd4 77. Kd2 Qa2+ 78.
Ke1 Ke3 79. Kd1 Qd2# 0-1